AoeStats
← Octavio

Arabia

510158347Analyzed
1v1 RM · 3d ago on Sep 29, 2026· 43m 26s· 2 players
Game mode
Random Map
Map size
Tiny (2 player)
Population
200
Speed
Normal
Resources
Standard
Victory
Conquest
Starting age
Dark Age
Ending age
Imperial Age
RankedLock teamsTeams togetherTeam positionsShared explorationLock speedFull tech treeHidden civsTurbo modeCheats
Victory
Defeat
🇫🇷 Ethiopians · France
678
+14
🇦🇷 Chinese · Argentina
632
-14
Octavio
16:29 Feudal Age
16:35 Man-at-Arms
20:34 Double-Bit Axe
20:46 Gold Mining
20:46 Stone Mining
20:40 Horse Collar
23:41 Wheelbarrow
25:28 Forging
25:27 Scale Mail Armor
27:00 Bloodlines
30:35 Castle Age
37:48 Ballistics
39:15 Heavy Plow
41:43 Iron Casting
41:08 Fletching
perchoc.t
7:50 Loom
10:20 Feudal Age
11:53 Double-Bit Axe
15:14 Fletching
17:50 Horse Collar
25:49 Castle Age
24:28 Wheelbarrow
24:10 Gold Mining
26:26 Scale Mail Armor
26:27 Padded Archer Armor
26:42 Husbandry
27:27 Heavy Plow
28:22 Forging
29:00 Ballistics
28:36 Crossbowman
29:33 Bodkin Arrow
34:05 Iron Casting
33:36 Scale Barding Armor
36:16 Hand Cart
36:46 Thumb Ring
42:33 Imperial Age
42:51 Leather Archer Armor
42:58 Chain Barding Armor
43:25 Arbalester
Connection lost

Rejoining the realm…

Still unreachable

The connection could not be restored.

Session expired

The server has moved on; the page needs a fresh start.